 Dungeon Crawl Stone Soup version 0.28.0-43-g3370ac3207 (webtiles) character file.

Game seed: 13380396003080846712

466 Ablot the Grasshopper (level 7, 0/56 HPs)
             Began as a Gnoll Warper on Mar 11, 2022.
             Was a Follower of Elyvilon.
             Killed from afar by Blork the orc (4 damage)
             ... with a magic dart
             ... on level 5 of the Dungeon.
             The game lasted 00:05:36 (6152 turns).

Ablot the Grasshopper (Gnoll Warper)                Turns: 6152, Time: 00:05:37

Health: 0/56       AC:  5    Str: 13    XL:     7   Next: 8%
Magic:  15/15      EV: 13    Int: 12    God:    Elyvilon [*.....]
Gold:   265        SH:  0    Dex: 11    Spells: 15/17 levels left

rFire   . . .      SeeInvis .   a - +0 trident
rCold   . . .      Faith    .   (no shield)
rNeg    . . .      Spirit   .   b - +0 leather armour
rPois   .          Reflect  .   s - +1 hat
rElec   .          Harm     .   (no cloak)
rCorr   .          Rampage  .   k - +0 pair of gloves {Stlth+}
Will    .....                   (no boots)
Stlth   +++.......              m - amulet of magic regeneration
HPRegen 0.18/turn               (no ring)
MPRegen 0.54/turn               (no ring)

@: no status effects
A: fangs 1, strong nose, distributed training
a: Renounce Religion, Purification


You were on level 5 of the Dungeon.
You worshipped Elyvilon.
Elyvilon was aware of your devotion.
You visited 1 branch of the dungeon, and saw 5 of its levels.

You collected 265 gold pieces.

Inventory:

Hand Weapons
 a - a +0 trident (weapon)
 e - a +0 hunting sling
 u - a +1 dagger of venom
Missiles
 d - 5 boomerangs of dispersal (quivered)
 f - 134 stones
 n - 60 arrows
 w - 8 sling bullets
Armour
 b - a +0 leather armour (worn)
 k - a +0 pair of gloves of stealth (worn)
 s - a +1 hat (worn)
Jewellery
 m - an amulet of magic regeneration (around neck)
Scrolls
 c - a scroll of blinking
 g - a scroll of enchant armour {unknown}
 h - 4 scrolls of identify {unknown}
 o - a scroll of noise {unknown}
 t - a scroll of holy word {unknown}
Potions
 i - a potion of haste {unknown}
 j - a potion of degeneration {unknown}
 l - a potion of curing
 p - a potion of might
 q - a potion of invisibility {unknown}
 r - 2 potions of lignification {unknown}
 x - 2 potions of resistance {unknown}


   Skills:
 + Level 5.1 Fighting
 + Level 2.2 Short Blades
 + Level 2.2 Long Blades
 + Level 2.2 Axes
 + Level 2.2 Maces & Flails
 + Level 5.1 Polearms
 + Level 2.2 Staves
 + Level 2.2 Slings
 + Level 2.2 Bows
 + Level 2.2 Crossbows
 + Level 3.4 Throwing
 + Level 3.4 Armour
 + Level 5.1 Dodging
 + Level 2.2 Stealth
 + Level 2.2 Shields
 + Level 2.2 Unarmed Combat
 + Level 5.5 Spellcasting
 + Level 1.8 Conjurations
 + Level 1.8 Hexes
 + Level 1.8 Summonings
 + Level 1.8 Necromancy
 + Level 5.7 Translocations
 + Level 1.8 Transmutations
 + Level 1.8 Fire Magic
 + Level 1.8 Ice Magic
 + Level 1.8 Air Magic
 + Level 1.8 Earth Magic
 + Level 1.8 Poison Magic
 + Level 2.5 Invocations
 + Level 2.2 Evocations


You had 15 spell levels left.
You knew the following spells:

 Your Spells              Type           Power      Damage    Failure   Level
a - Blink                 Tloc           34%        N/A       3%          2

Your spell library contained the following spells:

 Spells                   Type           Power      Damage    Failure   Level
 Gell's Gravitas          Tloc           17%        N/A       7%          3
 Lesser Beckoning         Tloc           17%        N/A       7%          3
 Teleport Other           Tloc           17%        N/A       7%          3
 Manifold Assault         Tloc           17%        N/A       52%         5


Dungeon Overview and Level Annotations

Branches:
Dungeon (5/15)
 Temple: D:4-7

Altars:
Elyvilon
Yredelemnul

Annotations:
D:5 Blork the orc


Innate Abilities, Weirdness & Mutations

You have very sharp teeth.
Your uncanny sense of smell can sniff out nearby items.
Your experience applies equally to all skills.


Message History

Blork the orc hits you from afar with a +0 glaive!
Blork the orc points at you and mumbles some strange words.
The puff of flame hits you.
Blork the orc screams, "I'll make a cloak from your skin!"
Blork the orc mumbles some strange words.
Blork the orc seems to speed up.
Throw: 3 darts (poison)
Press: ? - help, Q - select action, (/) - cycle Shift-Dir - straight line, f/p - Blork the orc
Aim: Blork the orc, wielding a +0 glaive and wearing a +0 robe (moderately wounded, fast, very poisoned, 63% to hit)
You throw a poisoned dart.
The poisoned dart barely misses Blork the orc.
Throw: 2 darts (poison)
Press: ? - help, Q - select action, (/) - cycle Shift-Dir - straight line, f/p - Blork the orc
Aim: Blork the orc, wielding a +0 glaive and wearing a +0 robe (moderately wounded, fast, very poisoned, 63% to hit)
You throw a poisoned dart.
The poisoned dart barely misses Blork the orc.
Blork the orc barely misses you.
Throw: dart (poison)
Press: ? - help, Q - select action, (/) - cycle Shift-Dir - straight line, f/p - Blork the orc
Aim: Blork the orc, wielding a +0 glaive and wearing a +0 robe (moderately wounded, fast, very poisoned, 63% to hit)
You throw a poisoned dart. The poisoned dart hits Blork the orc.
Blork the orc looks even sicker.
Blork the orc is moderately wounded.
Blork the orc closely misses you.
Blork the orc hits you with a +0 glaive! x2
* * * LOW HITPOINT WARNING * * *
You hit Blork the orc.
Blork the orc is heavily wounded.
Blork the orc hits you with a +0 glaive.
* * * LOW HITPOINT WARNING * * *
Casting: Blink (safe; 3% risk of failure)
Confirm with . or Enter, or press ? or * to list all spells.
You blink.
Blork the orc barely misses you.
Blork the orc hits you from afar with a +0 glaive!
Elyvilon protects you from harm!
You feel stable enough to blink again. Blork the orc casts a spell at you.
The magic dart hits you.
You die...

#### ∆..# ########
#. #.# #..<...# #.#
#######.#######
#.####.# ##..
#...(....(..o.# #
^..
#.#####.#####.####.#
.. #..# #..@...# #.
##.# #..##### #####.
#o# #..# #.....
#.####..# #..##.
..((((........#
##.###..##.
#######.#####.#
#.......##. #.# #.#
#..####.... #.# #.#
#..####..## ..# #.#
#..........


You could see Blork the orc (fast, very poisoned).

Vanquished Creatures
  2 centaur skeletons
  A centaur zombie (D:4)
  A bullfrog zombie (D:5)
  A jelly (D:4)
  2 bullfrog skeletons (D:4)
  An iguana (D:4)
  2 hound skeletons
  4 gnolls
  11 adders
  2 dart slugs
  2 orcs
  12 ball pythons
  9 bats
  An endoplasm (D:1)
  3 giant cockroaches
  3 goblins
  5 hobgoblins
  3 jackals (D:1)
  A quokka (D:4)
  7 frilled lizards
  7 kobolds
  5 rats
85 creatures vanquished.

Vanquished Creatures (others)
  2 plants (D:3)
2 creatures vanquished.

Grand Total: 87 creatures vanquished

Notes
Turn   | Place    | Note
-------+----------+-------------------------------------------
     0 | D:1      | Ablot the Gnoll Warper began the quest for the Orb.
     0 | D:1      | Reached XP level 1. HP: 20/20 MP: 6/6
   224 | D:1      | Reached XP level 2. HP: 23/26 MP: 7/7
   755 | D:1      | Reached XP level 3. HP: 29/31 MP: 9/9
   758 | D:1      | Learned a level 2 spell: Blink
   949 | D:1      | Reached skill level 5 in Spellcasting
  1135 | D:1      | Reached skill level 1 in Invocations
  1508 | D:1      | Reached skill level 1 in Short Blades
  1508 | D:1      | Reached skill level 1 in Long Blades
  1508 | D:1      | Reached skill level 1 in Axes
  1508 | D:1      | Reached skill level 1 in Maces & Flails
  1508 | D:1      | Reached skill level 1 in Staves
  1508 | D:1      | Reached skill level 1 in Slings
  1508 | D:1      | Reached skill level 1 in Bows
  1508 | D:1      | Reached skill level 1 in Crossbows
  1508 | D:1      | Reached skill level 1 in Stealth
  1508 | D:1      | Reached skill level 1 in Shields
  1508 | D:1      | Reached skill level 1 in Unarmed Combat
  1508 | D:1      | Reached skill level 1 in Evocations
  1508 | D:1      | Reached XP level 4. HP: 24/38 MP: 11/11
  2119 | D:2      | Reached skill level 1 in Conjurations
  2119 | D:2      | Reached skill level 1 in Hexes
  2119 | D:2      | Reached skill level 1 in Summonings
  2119 | D:2      | Reached skill level 1 in Necromancy
  2119 | D:2      | Reached skill level 1 in Transmutations
  2119 | D:2      | Reached skill level 1 in Fire Magic
  2119 | D:2      | Reached skill level 1 in Ice Magic
  2119 | D:2      | Reached skill level 1 in Air Magic
  2119 | D:2      | Reached skill level 1 in Earth Magic
  2119 | D:2      | Reached skill level 1 in Poison Magic
  2879 | D:3      | Reached XP level 5. HP: 36/43 MP: 12/12
  4102 | D:4      | HP: 1/43 [poisoned by an adder]
  4475 | D:4      | Found a basalt altar of Yredelemnul.
  4639 | D:4      | Reached XP level 6. HP: 46/50 MP: 13/13
  4882 | D:4      | Reached skill level 5 in Fighting
  4882 | D:4      | Reached skill level 5 in Polearms
  4882 | D:4      | Reached skill level 5 in Dodging
  5078 | D:4      | Found a white marble altar of Elyvilon.
  5086 | D:4      | Became a worshipper of Elyvilon the Healer
  5577 | D:5      | Entered Level 5 of the Dungeon
  6017 | D:5      | Reached XP level 7. HP: 49/56 MP: 15/15
  6122 | D:5      | Reached * piety under Elyvilon
  6128 | D:5      | Noticed Blork the orc
  6151 | D:5      | Elyvilon protects you from harm!
  6152 | D:5      | Killed from afar by Blork the orc

Illustrated notes

Levels and vault maps discovered:
D:1:      psy_arrival_statuary, layout_loops_corners, feat_on_display
D:2:      layout_loops_cross
D:3:      minmay_diamond_boxcup, layout_loops_cross, saegor_snake_ambush
D:4:      layout_basic, kennysheep_ying_yang
D:5:      layout_loops_ring, nzn_wu_jian_contemplation, uniq_blork_the_orc

Skill      XL: |  1  2  3  4  5  6 |
---------------+-------------------+-----
Spellcasting   | 5 |  5.5
Invocations    | 1 2 |  2.5
Short Blades   | 1 2 |  2.2
Long Blades    | 1 2 |  2.2
Axes           | 1 2 |  2.2
Maces & Flails | 1 2 |  2.2
Staves         | 1 2 |  2.2
Slings         | 1 2 |  2.2
Bows           | 1 2 |  2.2
Crossbows      | 1 2 |  2.2
Stealth        | 1 2 |  2.2
Shields        | 1 2 |  2.2
Unarmed Combat | 1 2 |  2.2
Evocations     | 1 2 |  2.2
Conjurations   | 1 |  1.8
Hexes          | 1 |  1.8
Summonings     | 1 |  1.8
Necromancy     | 1 |  1.8
Transmutations | 1 |  1.8
Fire Magic     | 1 |  1.8
Ice Magic      | 1 |  1.8
Air Magic      | 1 |  1.8
Earth Magic    | 1 |  1.8
Poison Magic   | 1 |  1.8
Throwing       | 3 |  3.4
Armour         | 3 |  3.4
Fighting       | 5 |  5.1
Polearms       | 5 |  5.1
Dodging        | 5 |  5.1
Translocations | |  5.7

Action                   |  1- 3 |  4- 6 |  7- 9 || total
-------------------------+-------+-------+-------++-------
Melee: Spear             |    88 |       |       ||    88
       Bite              |    11 |    22 |       ||    33
       Punch             |     2 |     5 |       ||     7
       Trident           |    24 |   257 |    10 ||   291
Throw: Stone             |       |     2 |       ||     2
       Dart              |       |       |    10 ||    10
 Cast: Blink             |       |       |     1 ||     1
  Use: Potion            |       |     2 |       ||     2
 Stab: Sleeping          |     1 |    13 |     1 ||    15
Armor: Leather armour    |    31 |    79 |     1 ||   111
Dodge: Dodged            |    54 |   178 |    10 ||   242
